 Dungeon Crawl Stone Soup version 0.17-a0-1636-g3119f2b (webtiles) character file.

102 MikeDS the Skirmisher (level 4, 0/37 HPs)
             Began as a Draconian Skald on Aug 5, 2015.
             Slain by a gnoll
             ... wielding a +0 whip
              (9 damage)
             ... on level 1 of the Dungeon.
             The game lasted 00:37:06 (3038 turns).

MikeDS the Skirmisher (Draconian Skald)             Turns: 3038, Time: 00:37:06

Health: 0/37       AC:  5    Str: 16    XL:     4   Next: 50%
Magic:  3/7        EV: 12    Int: 12    God:
Gold:   133        SH:  0    Dex: 13    Spells: 3 memorised, 3 levels left

rFire  . . .     SeeInvis .     r - +0 dagger (holy)
rCold  . . .     Clarity  .     (armour unavailable)
rNeg   . . .     SustAt   .     (no shield)
rPois  .         Gourm    .     (helmet restricted)
rElec  .         Spirit   .     (no cloak)
rCorr  .         Warding  .     (no gloves)
rMut   .         Stasis   .     (no boots)
MR     .....                    (no amulet)
Stlth  +.........               (no ring)
                                e - +3 ring of dexterity

@: shrouded, very slightly contaminated, not resistant to hostile enchantments,
very unstealthy
A: unfitting armour, cold-blooded, AC +5
a: no special abilities


You were on level 1 of the Dungeon.
You were not hungry.

You visited 1 branch of the dungeon, and saw 3 of its levels.

You collected 133 gold pieces.

Inventory:

Hand weapons
 a - a +0 mace
 f - a cursed -3 hunting sling
 o - a +0 dagger
 p - a +0 dagger
 r - a +0 dagger of holy wrath (weapon)
 v - a +0 dagger
 w - a +0 dagger
 x - a +0 dagger
 y - a cursed -2 dagger
Missiles
 m - 66 stones (quivered)
Jewellery
 e - a +3 ring of dexterity (left hand)
 h - a +4 ring of evasion {unknown}
 n - a cursed ring of teleportation {unknown}
 q - an uncursed ring of positive energy {unknown}
 s - an uncursed amulet of warding {unknown}
Scrolls
 d - 4 scrolls of identify
 k - 3 scrolls of remove curse {unknown}
Potions
 g - a potion of curing
 j - a potion of invisibility {unknown}
 l - 2 potions of flight
 t - a potion of agility
 u - 2 potions of might
Books
 b - a book of Battle

   Spells                             Type                      Level
   a - Infusion                       Charms                       1
   b - Shroud of Golubria             Charms/Translocation         2
   c - Song of Slaying                Charms                       2
   d - Spectral Weapon                Hexes/Charms                 3
   e - Regeneration                   Charms/Necromancy            3
Comestibles
 c - 2 bread rations
 i - a slice of pizza
 z - a chunk of flesh


   Skills:
 + Level 2.9 Fighting
 + Level 2.6 Maces & Flails
 + Level 0.5 Throwing
 + Level 2.3 Dodging
 + Level 2.6 Spellcasting
 + Level 2.9 Charms
 + Level 1.1 Translocations


You had 3 spell levels left.
You knew the following spells:

 Your Spells              Type           Power        Failure   Level  Hunger
a - Infusion              Chrm           #.....       10%         1    #......
b - Shroud of Golubria    Chrm/Tloc      #.........   17%         2    ###....
c - Song of Slaying       Chrm           #.......     12%         2    ###....


Dungeon Overview and Level Annotations

Branches:
Dungeon (3/15)

Altars:
Cheibriados
Trog

Annotations:
D:2 Robin


Innate Abilities, Weirdness & Mutations

Your plain brown scales are hard (AC +5).
Your body does not fit into most forms of armour.
You are cold-blooded and may be slowed by cold attacks.


Message History

You continue eating.
The gnoll closely misses you.
Drink which item? (? for menu, Esc to quit)
Okay, then.
The gnoll misses you. The gnoll hits you with a whip.
* * * LOW HITPOINT WARNING * * *
There is an escape hatch in the ceiling here.
The gnoll hits you but does no damage. A mysterious force pulls you upwards.
The hatch slams shut behind you.
Casting: Shroud of Golubria
Confirm with . or Enter, or press ? or * to list all spells.
You miscast Shroud of Golubria.
You are very lightly contaminated with residual magic.
You feel uncomfortable.
Casting: Shroud of Golubria
Confirm with . or Enter, or press ? or * to list all spells.
Space distorts slightly along a thin shroud covering your body.
The gnoll hits you with a whip!
You die...

#......# #.....###.##...+...#.
#.÷....# ##....'...##...#.#.#.
#......# #....######..(..#...
##......# #....# ######.###...
.......## #....# #....#.......
.......# #....# #.##....#####
.......# #....###.#.........#
.......# #...g)....##....##.#
.......# #[.@.##...##..#.##.#
......†# #....#8...8#..#.##..
.......# #....##...##..#.####
.......#######....##...###'#.....
..................##...##.......#
..................#8...8#.......+
######......########...########.#
#......#8###8##...##8###8#.#
#..........................#


You could see a gnoll.

Vanquished Creatures
  Jessica (D:3)
  A gnoll (D:3)
  A worm (D:3)
  A giant gecko (D:1)
  3 giant cockroaches
  5 hobgoblins
  5 jackals (D:1)
  6 bats
  2 giant newts
  14 goblins
  11 kobolds
  13 rats
63 creatures vanquished.

Notes
Turn   | Place    | Note
--------------------------------------------------------------
     0 | D:1      | MikeDS the Draconian Skald began the quest for the Orb.
     0 | D:1      | Reached XP level 1. HP: 17/17 MP: 3/3
   248 | D:1      | Reached XP level 2. HP: 22/25 MP: 1/5
   731 | D:1      | Learned a level 2 spell: Shroud of Golubria
   734 | D:1      | Learned a level 2 spell: Song of Slaying
  1234 | D:1      | Reached XP level 3. HP: 30/30 MP: 6/6
  1601 | D:2      | Found a snail-covered altar of Cheibriados.
  1716 | D:2      | Noticed Jessica
  1956 | D:2      | Noticed Robin
  1967 | D:2      | Reached skill level 1 in Translocations
  2186 | D:2      | Found a bloodstained altar of Trog.
  2600 | D:3      | Killed Jessica
  2600 | D:3      | Reached XP level 4. HP: 33/37 MP: 2/7
  3038 | D:1      | Slain by a gnoll

Vault maps used:
D:1:      onia_arrival_larder, serial_corexii_hall, corexii_hall_statues_i,
          corexii_hall_statues_x, corexii_hall_statues_l
D:2:      lemuel_doored_altar, lemuel_round_altar, uniq_jessica, uniq_robin
D:3:      ecumenical_altar_2, first_bread, hex_tiny

Action                   |  1- 3 |  4- 6 || total
-------------------------+-------+-------++-------
Melee: Mace              |   181 |     5 ||   186
       Dagger            |       |    53 ||    53
Throw: Stone             |       |     8 ||     8
       Throwing net      |       |     1 ||     1
 Cast: Infusion          |     9 |     1 ||    10
       Shroud of Golubri |     7 |     5 ||    12
  Use: Scroll            |     4 |       ||     4
       Potion            |     4 |       ||     4
 Stab: Sleeping          |     2 |       ||     2
  Eat: Chunk             |     3 |     1 ||     4
       Meat ration       |     1 |       ||     1
